BR (22 & UNDER)
YELLOWKNIFE CLAWS @ SAN FRANCISCO MACHO MEN
09/14/2028
 
TOP OF THE 1ST
Yellowknife Claws batting - Pitching for San Francisco Macho Men : RHP Roger Oliver
Pitching: RHP Roger Oliver
Batting: RHB Sergio Ortíz 0-0: Ball
1-0: Ball
2-0: Called Strike
2-1: Foul Ball, location: 2F
2-2: Strikes out looking
Batting: RHB Preston Church 0-0: Ball
1-0: SINGLE (Flyball, 8RS)
Batting: RHB Rubén Palma 0-0: Swinging Strike
0-1: Swinging Strike
0-2: Ball
1-2: SINGLE (Flyball, 7LM)
Preston Church to second
Batting: SHB Brock Owens 0-0: Ball
1-0: Ball
2-0: Ball
3-0: Base on Balls
Preston Church to third
Rubén Palma to second
Batting: SHB Armondo Goro 0-0: Ball
1-0: Fly out, F8 (Flyball, 8LD)
Runner from 3rd tags up, SCORES, no throw
Rubén Palma to third
Batting: RHB Noah Sturges 0-0: Ball
1-0: Fly out, F9 (Flyball, 9LMF)
Top of the 1st over - 1 run(s), 2 hit(s), 0 error(s), 2 left on base; Yellowknife 1 - San Francisco 0
BOTTOM OF THE 1ST
San Francisco Macho Men batting - Pitching for Yellowknife Claws : RHP Juan Castro
Pitching: RHP Juan Castro
Batting: RHB Júlio Serra 0-0: SINGLE (Line Drive, 78S)
Batting: LHB Ángel De Jesús 0-0: Called Strike
0-1: Ball
1-1: Called Strike
1-2: Fly out, F7 (Flyball, 7LMF)
Batting: LHB Ernesto Hernández 0-0: Ball
1-0: Swinging Strike
1-1: Foul Ball, location: 2F
1-2: Ball
2-2: Ball
3-2: Strikes out swinging
Batting: RHB Ánibal López 0-0: Called Strike
0-1: Ball
1-1: SINGLE (Groundball, 3D)
Júlio Serra to second
Runner from 2nd tries for 3rd, SAFE, no throw
Batting: RHB Phil Rowlett 0-0: Ball
1-0: Ball
2-0: Called Strike
2-1: Ball
3-1: Called Strike
3-2: Strikes out looking
Bottom of the 1st over - 0 run(s), 2 hit(s), 0 error(s), 2 left on base; Yellowknife 1 - San Francisco 0
TOP OF THE 2ND
Yellowknife Claws batting - Pitching for San Francisco Macho Men : RHP Roger Oliver
Batting: RHB Mario Díaz 0-0: Ball
1-0: Ball
2-0: Swinging Strike
2-1: Ball
3-1: Foul Ball, location: 2F
3-2: Base on Balls
Batting: RHB Bob Bishop 0-0: Ball
1-0: Ball
2-0: Ball
3-0: Foul Ball, location: 2F
3-1: Foul Ball, location: 2F
3-2: Strikes out looking
Batting: RHB Jeff Benson 0-0: Foul Ball, location: 2F
0-1: Fielders Choice at 2nd, 3-6 (Groundball, 3)
Batting: RHB Sergio Ortíz 0-0: Ball
1-0: Ball
2-0: Ball
3-0: Called Strike
3-1: Foul Ball, location: 2F
3-2: Hit by Pitch
Jeff Benson to second
Batting: RHB Preston Church 0-0: Swinging Strike
0-1: Swinging Strike
0-2: Ball
1-2: Ball
2-2: Ball
3-2: Fly out, F2 (Popup, 23)
Top of the 2nd over - 0 run(s), 0 hit(s), 0 error(s), 2 left on base; Yellowknife 1 - San Francisco 0
BOTTOM OF THE 2ND
San Francisco Macho Men batting - Pitching for Yellowknife Claws : RHP Juan Castro
Batting: RHB Miguel Ramos 0-0: Ball
1-0: Ground out 6-3 (Groundball, 6)
Batting: RHB Bob Jones 0-0: Fly out, F8 (Flyball, 8LM)
Batting: RHB Lawrence Pérez 0-0: Ground out 5-3 (Groundball, 56)
Bottom of the 2nd over - 0 run(s), 0 hit(s), 0 error(s), 0 left on base; Yellowknife 1 - San Francisco 0
TOP OF THE 3RD
Yellowknife Claws batting - Pitching for San Francisco Macho Men : RHP Roger Oliver
Batting: RHB Rubén Palma 0-0: Ground out 6-3 (Groundball, 56)
Batting: SHB Brock Owens 0-0: Swinging Strike
0-1: Ball
1-1: Ball
2-1: Foul Ball, location: 2F
2-2: Strikes out swinging
Batting: SHB Armondo Goro 0-0: Ball
1-0: Ball
2-0: Fly out, F9 (Flyball, 9LM)
Top of the 3rd over - 0 run(s), 0 hit(s), 0 error(s), 0 left on base; Yellowknife 1 - San Francisco 0
BOTTOM OF THE 3RD
San Francisco Macho Men batting - Pitching for Yellowknife Claws : RHP Juan Castro
Batting: RHB Dave MacGruder 0-0: Called Strike
0-1: Called Strike
0-2: Ball
1-2: Ball
2-2: Ball
3-2: Base on Balls
Batting: RHB Júlio Serra 0-0: Ball
1-0: Fielders Choice at 2nd, 1-4 (Groundball, 15S)
Batting: LHB Ángel De Jesús 0-0: Ball
1-0: Called Strike
1-1: Ball
2-1: Fly out, F4 (Popup, 34D)
Batting: LHB Ernesto Hernández 0-0: Swinging Strike
0-1: SINGLE (Line Drive, 34D)
Júlio Serra to second
Batting: RHB Ánibal López 0-0: SINGLE (Line Drive, 6MD)
Júlio Serra to third
Ernesto Hernández to second
Runner from 3rd tries for Home, SAFE, no throw
Batting: RHB Phil Rowlett 0-0: Ball
1-0: Hit by Pitch
Ernesto Hernández to third
Ánibal López to second
Batting: RHB Miguel Ramos 0-0: Called Strike
0-1: Ball
1-1: Foul Ball, location: 2F
1-2: Strikes out looking
Bottom of the 3rd over - 1 run(s), 2 hit(s), 0 error(s), 3 left on base; Yellowknife 1 - San Francisco 1
TOP OF THE 4TH
Yellowknife Claws batting - Pitching for San Francisco Macho Men : RHP Roger Oliver
Batting: RHB Noah Sturges 0-0: Ball
1-0: Ball
2-0: Ball
3-0: Base on Balls
Batting: RHB Mario Díaz 0-0: Called Strike
0-1: Ball
1-1: Grounds into double play, 4-6-3 (Groundball, 4)
Batting: RHB Bob Bishop 0-0: Ball
1-0: SOLO HOME RUN (Flyball, 78XD), Distance : 423 ft
Batting: RHB Jeff Benson 0-0: Called Strike
0-1: Ball
1-1: Called Strike
1-2: Ball
2-2: Fly out, F9 (Flyball, 9S)
Top of the 4th over - 1 run(s), 1 hit(s), 0 error(s), 0 left on base; Yellowknife 2 - San Francisco 1
BOTTOM OF THE 4TH
San Francisco Macho Men batting - Pitching for Yellowknife Claws : RHP Juan Castro
Batting: RHB Bob Jones 0-0: Called Strike
0-1: Ball
1-1: Fly out, F9 (Flyball, 9)
Batting: RHB Lawrence Pérez 0-0: Called Strike
0-1: Ball
1-1: Called Strike
1-2: Ball
2-2: Strikes out swinging
Batting: RHB Dave MacGruder 0-0: Ball
1-0: Ground out 6-3 (Groundball, 56)
Bottom of the 4th over - 0 run(s), 0 hit(s), 0 error(s), 0 left on base; Yellowknife 2 - San Francisco 1
TOP OF THE 5TH
Yellowknife Claws batting - Pitching for San Francisco Macho Men : RHP Roger Oliver
Batting: RHB Sergio Ortíz 0-0: Called Strike
0-1: Fly out, F8 (Flyball, 8RM)
Batting: RHB Preston Church 0-0: Fly out, F9 (Flyball, 89M)
Batting: RHB Rubén Palma 0-0: Called Strike
0-1: SINGLE (Groundball, 34D)
Batting: SHB Brock Owens 0-0: Ball
1-0: Called Strike
1-1: Called Strike
1-2: Fly out, F8 (Flyball, 8LS)
Top of the 5th over - 0 run(s), 1 hit(s), 0 error(s), 1 left on base; Yellowknife 2 - San Francisco 1
BOTTOM OF THE 5TH
San Francisco Macho Men batting - Pitching for Yellowknife Claws : RHP Juan Castro
Batting: RHB Júlio Serra 0-0: Foul Ball, location: 2F
0-1: Foul Ball, location: 2F
0-2: Strikes out swinging
Batting: LHB Ángel De Jesús 0-0: Ball
1-0: SINGLE (Groundball, 56S) (infield hit)
Batting: LHB Ernesto Hernández 0-0: Foul Ball, location: 2F
0-1: Foul Ball, location: 2F
0-2: SINGLE (Flyball, 8LS)
Ángel De Jesús to second
Batting: RHB Ánibal López 0-0: Called Strike
0-1: Fly out, F8 (Flyball, 8RM)
Batting: RHB Phil Rowlett 0-0: Ball
1-0: Swinging Strike
1-1: SINGLE (Groundball, 56D)
Ángel De Jesús to third
Ernesto Hernández to second
Runner from 3rd tries for Home, SAFE, throw made home
Batting: RHB Miguel Ramos 0-0: Fly out, F8 (Flyball, 78M)
Bottom of the 5th over - 1 run(s), 3 hit(s), 0 error(s), 2 left on base; Yellowknife 2 - San Francisco 2
TOP OF THE 6TH
Yellowknife Claws batting - Pitching for San Francisco Macho Men : RHP Roger Oliver
Batting: SHB Armondo Goro 0-0: Called Strike
0-1: Foul Ball, location: 2F
0-2: Fly out, F8 (Flyball, 8LM)
Pitching: RHP Carlos Martínez
Batting: RHB Noah Sturges 0-0: Called Strike
0-1: Swinging Strike
0-2: Strikes out looking
Batting: RHB Mario Díaz 0-0: Swinging Strike
0-1: Foul Ball, location: 2F
0-2: Ground out 6-3 (Groundball, 6S)
Top of the 6th over - 0 run(s), 0 hit(s), 0 error(s), 0 left on base; Yellowknife 2 - San Francisco 2
BOTTOM OF THE 6TH
San Francisco Macho Men batting - Pitching for Yellowknife Claws : RHP Juan Castro
Batting: RHB Bob Jones 0-0: Fly out, F9 (Line Drive, 89M)
Batting: RHB Lawrence Pérez 0-0: Foul Ball, location: 2F
0-1: Ball
1-1: Ground out 6-3 (Groundball, 6)
Batting: RHB Dave MacGruder 0-0: Called Strike
0-1: Ball
1-1: SINGLE (Line Drive, 56D)
Batting: RHB Júlio Serra 0-0: Ball
1-0: SINGLE (Groundball, 56S) (infield hit)
Dave MacGruder to second
Batting: LHB Ángel De Jesús 0-0: Ball
1-0: Foul Ball, location: 2F
1-1: Foul Ball, location: 2F
1-2: Ball
2-2: 3-RUN HOME RUN (Flyball, 9D), Distance : 351 ft
Batting: LHB Ernesto Hernández 0-0: Called Strike
0-1: Ground out 6-3 (Groundball, 6)
Bottom of the 6th over - 3 run(s), 3 hit(s), 0 error(s), 0 left on base; Yellowknife 2 - San Francisco 5
TOP OF THE 7TH
Yellowknife Claws batting - Pitching for San Francisco Macho Men : RHP Carlos Martínez
Batting: RHB Bob Bishop 0-0: Ball
1-0: Ball
2-0: Foul Ball, location: 2F
2-1: Foul Ball, location: 2F
2-2: Ball
3-2: Strikes out swinging
Batting: RHB Jeff Benson 0-0: Called Strike
0-1: Ball
1-1: Foul Ball, location: 2F
1-2: Strikes out swinging
Batting: RHB Sergio Ortíz 0-0: Called Strike
0-1: Ball
1-1: Foul Ball, location: 2F
1-2: Foul Ball, location: 2F
1-2: Ball
2-2: Strikes out swinging
Top of the 7th over - 0 run(s), 0 hit(s), 0 error(s), 0 left on base; Yellowknife 2 - San Francisco 5
BOTTOM OF THE 7TH
San Francisco Macho Men batting - Pitching for Yellowknife Claws : RHP Juan Castro
Pitching: RHP George Pierce
Batting: RHB Ánibal López 0-0: Swinging Strike
0-1: Ball
1-1: Fly out, F8 (Flyball, 89D)
Batting: RHB Phil Rowlett 0-0: Ball
1-0: Fly out, F8 (Line Drive, 78M)
Batting: RHB Miguel Ramos 0-0: Ball
1-0: SINGLE (Groundball, 56D)
Batting: RHB Bob Jones 0-0: Ball
1-0: Called Strike
1-1: Ball
2-1: Called Strike
2-2: Ball
3-2: SINGLE (Flyball, 78S)
Miguel Ramos to second
Miguel Ramos to third
Batting: RHB Lawrence Pérez 0-0: Called Strike
0-1: Ball
1-1: Fielders Choice at 2nd, 5-4 (Groundball, 56)
Bottom of the 7th over - 0 run(s), 2 hit(s), 0 error(s), 1 left on base; Yellowknife 2 - San Francisco 5
TOP OF THE 8TH
Yellowknife Claws batting - Pitching for San Francisco Macho Men : RHP Carlos Martínez
Now at 3B: Armando Alomar
Batting: RHB Preston Church 0-0: Ball
1-0: Called Strike
1-1: Ball
2-1: Ball
3-1: Base on Balls
Pitching: RHP Javier Santos
Batting: RHB Rubén Palma 0-0: Ball
1-0: Ball
2-0: Ground out U3 (Groundball, 3S)
Preston Church to second
Batting: SHB Brock Owens 0-0: Ball
1-0: Foul Ball, location: 2F
1-1: DOUBLE (Flyball, 8RD)
Preston Church scores
Batting: SHB Armondo Goro 0-0: Swinging Strike
0-1: Fly out, F8 (Flyball, 78D)
Batting: RHB Noah Sturges 0-0: Ball
1-0: Foul Ball, location: 2F
1-1: Swinging Strike
1-2: Ground out 6-3 (Groundball, 6)
Top of the 8th over - 1 run(s), 1 hit(s), 0 error(s), 1 left on base; Yellowknife 3 - San Francisco 5
BOTTOM OF THE 8TH
San Francisco Macho Men batting - Pitching for Yellowknife Claws : RHP George Pierce
Batting: RHB Dave MacGruder 0-0: Swinging Strike
0-1: Ball
1-1: Swinging Strike
1-2: Foul Ball, location: 2F
1-2: Ball
2-2: Strikes out swinging
Batting: RHB Júlio Serra 0-0: Fly out, F9 (Flyball, 89M)
Batting: LHB Ángel De Jesús 0-0: Ball
1-0: Ball
2-0: Called Strike
2-1: Ball
3-1: Swinging Strike
3-2: Foul Ball, location: 2F
3-2: Base on Balls
Batting: LHB Ernesto Hernández 0-0: Foul Ball, location: 2F
0-1: Hit by Pitch
Ángel De Jesús to second
Pinch Hitting: RHB Nelson Burton 0-0: Foul Ball, location: 2F
0-1: Ball
1-1: Fly out, F9 (Flyball, 9LM)
Bottom of the 8th over - 0 run(s), 0 hit(s), 0 error(s), 2 left on base; Yellowknife 3 - San Francisco 5
TOP OF THE 9TH
Yellowknife Claws batting - Pitching for San Francisco Macho Men : RHP Javier Santos
Pitching: LHP Mike Barr
Now at 1B: Nelson Burton
Batting: RHB Mario Díaz 0-0: SINGLE (Popup, 4D)
Batting: RHB Bob Bishop 0-0: Ball
1-0: Called Strike
1-1: Ball
2-1: Ball
3-1: Base on Balls
Mario Díaz to second
Pinch Hitting: RHB Gerardo Andrade 0-0: Swinging Strike
0-1: Ball
1-1: Ball
2-1: Ball
3-1: Swinging Strike
3-2: Strikes out swinging
Batting: RHB Sergio Ortíz 0-0: Fly out, F9 (Flyball, 9S)
Batting: RHB Preston Church 0-0: Called Strike
0-1: SINGLE (Groundball, 56) (infield hit)
Mario Díaz to third
Bob Bishop to second
Batting: RHB Rubén Palma 0-0: Swinging Strike
0-1: SINGLE (Groundball, 34D)
Mario Díaz scores
Bob Bishop to third
Preston Church to second
Runner from 3rd tries for Home, SAFE, throw made home
Preston Church to third
Rubén Palma to second
Pitching: RHP Ryuichi Ohayashi
Batting: SHB Brock Owens 0-0: Called Strike
0-1: Fly out, F7 (Flyball, 7LD)
Top of the 9th over - 2 run(s), 3 hit(s), 0 error(s), 2 left on base; Yellowknife 5 - San Francisco 5
BOTTOM OF THE 9TH
San Francisco Macho Men batting - Pitching for Yellowknife Claws : RHP George Pierce
Now in LF: Gerardo Andrade
Pinch Hitting: RHB Will White 0-0: Ball
1-0: Ball
2-0: Called Strike
2-1: Swinging Strike
2-2: Strikes out swinging
Batting: RHB Miguel Ramos 0-0: Called Strike
0-1: Ball
1-1: Ball
2-1: Foul Ball, location: 2F
2-2: Strikes out looking
Batting: RHB Bob Jones 0-0: Ball
1-0: Ball
2-0: Foul Ball, location: 2F
2-1: Ball
3-1: Base on Balls
Pitching: LHP Lopes Ambar
Pinch Runner at 1st Jorge Quińones:
Pinch Hitting: RHB Rob Johnston 0-0: Called Strike
0-1: Called Strike
0-2: Ball
1-2: Strikes out swinging
Bottom of the 9th over - 0 run(s), 0 hit(s), 0 error(s), 1 left on base; Yellowknife 5 - San Francisco 5
TOP OF THE 10TH
Yellowknife Claws batting - Pitching for San Francisco Macho Men : RHP Ryuichi Ohayashi
Now at 3B: Rob Johnston
Now in RF: Awragh Hazem
Batting: SHB Armondo Goro 0-0: Ground out 4-3 (Groundball, 4)
Batting: RHB Noah Sturges 0-0: Ball
1-0: Ball
2-0: DOUBLE (Line Drive, 7LM)
Pinch Hitting: LHB Anzai Yamaguchi 0-0: Intentional Walk
Batting: RHB Bob Bishop 0-0: Called Strike
0-1: Ball
1-1: Swinging Strike
1-2: Strikes out swinging
Batting: RHB Gerardo Andrade 0-0: Foul Ball, location: 2F
0-1: Ball
1-1: Ground out 1-3 (Groundball, P)
Top of the 10th over - 0 run(s), 1 hit(s), 0 error(s), 2 left on base; Yellowknife 5 - San Francisco 5
BOTTOM OF THE 10TH
San Francisco Macho Men batting - Pitching for Yellowknife Claws : LHP Lopes Ambar
Now at 1B: Adam Carpenter
Pinch Hitting: RHB Dean Oglethorpe 0-0: Ground out 6-3 (Groundball, 6)
Batting: RHB Júlio Serra 0-0: Foul Ball, location: 2F
0-1: Fly out, F9 (Flyball, 9LS)
Pinch Hitting: RHB Derek Hartman 0-0: Ball
1-0: Ball
2-0: Ball
3-0: Base on Balls
Batting: LHB Ernesto Hernández 0-0: Ball
1-0: Foul Ball, location: 2F
1-1: Ball
2-1: SINGLE (Groundball, 4MD)
Derek Hartman to second
Pinch Runner at 2nd Phil Bishop:
Batting: RHB Nelson Burton 0-0: Foul Ball, location: 2F
0-1: SINGLE (Line Drive, 7S)
Phil Bishop to third
Ernesto Hernández to second
Runner from 3rd tries for Home, SAFE, no throw
Tuesday, August 8th, 2017 - OOTP Baseball 17.12 Build 75